 Dungeon Crawl Stone Soup version 0.26.0-10-g1f06aea511 (webtiles) character file.

Game seed: 6006319318110356040

437 tsouns the Skirmisher (level 6, 0/84 HPs)
             Began as a Draconian Berserker on Jan 14, 2021.
             Was a Believer of Trog.
             Slain by an orc warrior
             ... wielding a +0 trident
              (14 damage)
             ... on level 4 of the Dungeon.
             The game lasted 00:04:25 (2896 turns).

tsouns the Skirmisher (Draconian Berserker)         Turns: 2896, Time: 00:04:26

Health: 0/84       AC:  7    Str: 19    XL:     6   Next: 69%
Magic:  6/6        EV: 14    Int:  7    God:    Trog [**....]
Gold:   228        SH:  0    Dex: 13    Spells: 5/5 levels left

rFire    . . .     SeeInvis .   p - +0 war axe
rCold    + . .     Faith    .   (no shield)
rNeg     . . .     Spirit   .   (armour unavailable)
rPois    .         Reflect  .   (helmet restricted)
rElec    .         Harm     .   (no cloak)
rCorr    .         Rampage  .   (no gloves)
Will     .....                  k - +0 pair of boots
Stlth    ..........             (no amulet)
HPRegen  0.24/turn              s - ring of protection from cold
MPRegen  0.10/turn              (no ring)

@: berserking, slowed
A: unfitting armour, cold-blooded, AC +6
a: Renounce Religion, Berserk, Trog's Hand


You were on level 4 of the Dungeon.
You worshipped Trog.
Trog was pleased with you.
You visited 1 branch of the dungeon, and saw 5 of its levels.

You collected 228 gold pieces.

Inventory:

Hand Weapons
 a - a +0 hand axe
 p - a +0 war axe (weapon)
 q - a +0 hand axe of distortion
Missiles
 h - 9 boomerangs
 r - 41 poisoned darts (quivered)
Armour
 k - a +0 pair of boots (worn)
Jewellery
 s - a ring of protection from cold (left hand)
Scrolls
 b - 3 scrolls of remove curse {unknown}
 d - 2 scrolls of fear {unknown}
 g - 2 scrolls of teleportation {unknown}
 i - 4 scrolls of identify {unknown}
 l - a scroll of random uselessness {unknown}
 n - a scroll of amnesia {unknown}
 o - a scroll of noise {unknown}
 t - a scroll of blinking {unknown}
Potions
 c - 2 potions of haste {unknown}
 e - 2 potions of degeneration {unknown}
 f - a potion of flight {unknown}
 j - 2 potions of brilliance {unknown}
 m - 2 potions of might {unknown}


   Skills:
 + Level 5.4 Fighting
 + Level 5.0 Axes
 + Level 4.5 Dodging


You had 5 spell levels left.
You didn't know any spells.
Your spell library contained the following spells:

 Spells                   Type           Power        Failure   Level
 Magic Dart               Conj           0%           43%         1
 Blink                    Tloc           N/A          56%         2
 Call Imp                 Summ           0%           56%         2
 Slow                     Hex            0%           56%         2
 Conjure Flame            Conj/Fire      0%           80%         3
 Mephitic Cloud           Conj/Pois/Air  0%           80%         3


Dungeon Overview and Level Annotations

Branches:
Dungeon (5/15)             Temple (0/1) D:4

Altars:
Zin
The Shining One

Shops:
D:5 =


Innate Abilities, Weirdness & Mutations

Your plain brown scales are hard. (AC +6)
You cannot fit into any form of body armour.
You are cold-blooded and may be slowed by cold attacks.


Message History

You are too injured to fight recklessly!
You closely miss the orc wizard. You tail-slap the orc wizard.
The orc wizard is heavily wounded.
You closely miss the orc warrior. The orc wizard closely misses you.
The orc wizard casts a spell.
The orc wizard blinks!
The orc warrior closely misses you.
You slash the orc warrior!
The orc warrior is moderately wounded.
The orc warrior hits you with a +0 trident!
* * * LOW HITPOINT WARNING * * *
The orc wizard hits you but does no damage.
You closely miss the orc wizard.
The orc wizard is heavily wounded.
You barely miss the orc warrior.
The orc wizard hits you but does no damage.
The orc warrior misses you.
The orc wizard hits you with a +0 dagger.
* * * LOW HITPOINT WARNING * * *
The orc warrior hits you with a +0 trident!
You die...

##...# #.. ###..# #........
#...## ##.# #...# #........
##...######..####.#######.......>
#...###........†.................
...## ###..#...##########........
..## #....(.###########.........
..# ###.#...............##.##)#
.## # #####.o########.#...... .#
#.@.# #........ .## #=#o#
###..⌠... ..# ...#..# ###..)...
### #..####<# #...†..>. #..# ..
....#...... ...# ### #####..⌠...
... ######........ ##
#......#...... ...#....##.##.#


You could see an orc warrior and an orc wizard (fast).

Vanquished Creatures
  An ice beast (D:4)
  An ogre (D:4)
  A scorpion (D:4)
  An orc priest (D:3)
  3 orc wizards (D:3)
  3 adders
  A worm (D:3)
  5 dart slugs
  3 leopard geckos
  10 orcs
  2 giant cockroaches
  7 goblins
  4 hobgoblins
  2 jackals (D:4)
  3 quokkas (D:3)
  5 bats
  4 frilled lizards
  5 kobolds
  3 rats
64 creatures vanquished.

Vanquished Creatures (others)
  A plant (D:5)
1 creature vanquished.

Grand Total: 65 creatures vanquished

Notes
Turn   | Place    | Note
-------+----------+-------------------------------------------
     0 | D:1      | tsouns the Draconian Berserker began the quest for the Orb.
     0 | D:1      | Reached XP level 1. HP: 19/19 MP: 1/1
   629 | D:1      | Reached XP level 2. HP: 23/26 MP: 2/2
  1274 | D:2      | Reached XP level 3. HP: 33/33 MP: 3/3
  1317 | D:2      | Reached ** piety under Trog
  1406 | D:2      | Found a glowing silver altar of Zin.
  1684 | D:3      | Reached XP level 4. HP: 40/40 MP: 4/4
  1835 | D:3      | Reached XP level 5. HP: 40/47 MP: 5/5
  2326 | D:3      | Found a glowing golden altar of the Shining One.
  2565 | D:4      | Noticed an ice beast
  2566 | D:4      | Noticed an ogre
  2575 | D:4      | Killed an ice beast
  2576 | D:4      | Reached skill level 5 in Fighting
  2576 | D:4      | Reached XP level 6. HP: 56/56 MP: 6/6
  2582 | D:5      | Entered Level 5 of the Dungeon
  2669 | D:5      | Found Goneh's Jewellery Shop.
  2694 | D:4      | Reached skill level 5 in Axes
  2800 | D:4      | Found a staircase to the Ecumenical Temple.
  2886 | D:4      | Noticed an orc warrior
  2896 | D:4      | Slain by an orc warrior

Illustrated notes

Levels and vault maps discovered:
D:1:      sevenhm_arrival_forest_fort_small_6, layout_loops_ring,
          grunt_decor_one_mirror
D:2:      layout_rooms, zin_academy, small_statue_intersection, st_stairs_7
D:3:      layout_rooms, marbit_many_paths, minmay_misc_feat_columns,
          minmay_cut_off
D:4:      layout_rooms, old_standard_altar, minmay_temple_entry_large_hall,
          serial_curves, eino_curves_04, eino_curves_01, eino_curves_02,
          eino_curves_01
D:5:      layout_cave_pods, serial_shops, nicolae_shop_stone, serial_bayou,
          serial_bayou_pond_e, serial_bayou_pond_b, serial_bayou_lagoon_a,
          serial_bayou_shore_a, uniq_edmund

Skill      XL: |  1  2  3  4  5  6 |
---------------+-------------------+-----
Dodging        | 3 4 |  4.5
Fighting       | 4 5 |  5.4
Axes           | 4 5 |  5.0

Action                   |  1- 3 |  4- 6 || total
-------------------------+-------+-------++-------
Melee: Hand axe          |   104 |    37 ||   141
       Tailslap          |    12 |    12 ||    24
       War axe           |       |    64 ||    64
Invok: Berserk           |     1 |     4 ||     5
 Stab: Sleeping          |     1 |     1 ||     2
Armor: Skin              |    13 |    32 ||    45
Dodge: Dodged            |    62 |    87 ||   149
